 Dungeon Crawl Stone Soup version 0.24-b1-30-g840c9efd86 (webtiles) character file.

Game seed: 8290155460854829718, levelgen mode: deterministic

95449 CPA the Spear-Bearer (level 15, -12/109 HPs)
             Began as a Demonspawn Fighter on Oct 24, 2019.
             Was the Champion of Hepliaklqana.
             Killed from afar by a deep elf knight (21 damage)
             ... with a stone arrow
             ... on level 1 of the Elven Halls.
             The game lasted 01:21:39 (29808 turns).

CPA the Spear-Bearer (Demonspawn Fighter)          Turns: 29808, Time: 01:21:40

Health: -12/109    AC: 18    Str: 22    XL:     15   Next: 66%
Magic:  25/25      EV: 18    Int: 10    God:    Hepliaklqana [******]
Gold:   1104       SH: 17    Dex: 18    Spells: 14/14 levels left

rFire    + . .     SeeInvis +   k - +3 trident (protect)
rCold    + . .     Gourm    .   c - +1 shield
rNeg     . . .     Faith    .   E - +3 chain mail of the Wild Haggis {rElec rC+ Stlth-}
rPois    .         Spirit   .   (no helmet)
rElec    +         Reflect  +   O - +2 cloak {MR+}
rCorr    .         Harm     .   (gloves unavailable)
MR       ++...                  q - +0 pair of boots
Stlth    ..........             Z - +5 amulet of reflection
HPRegen  0.28/turn              u - ring of see invisible
MPRegen  0.19/turn              L - ring of protection from fire

@: agile, lethally poisoned (-12 -> -21), drained
A: reduced essence, claws 3, repulsion field 2, powered by death 2, powered by
pain 1
a: Recall Ancestor, Ancestor Identity, Transference, Idealise, Renounce Religion


You were on level 1 of the Elven Halls.
You worshipped Hepliaklqana.
Hepliaklqana was exalted by your worship.
You were not hungry.

You visited 5 branches of the dungeon, and saw 26 of its levels.
You also visited: Volcano.

You collected 2554 gold pieces.
You spent 1450 gold pieces at shops.

Inventory:

Hand Weapons
 a - a +0 war axe
 k - a +3 trident of protection (weapon)
 S - a +1 trident of piercing
Missiles
 g - 202 sling bullets
 v - 53 poisoned darts (quivered)
 B - a throwing net
 Q - 3 curare-tipped darts
Armour
 c - a +1 shield (worn)
 q - a +0 pair of boots (worn)
 E - the +3 chain mail of the Wild Haggis (worn) {rElec rC+ Stlth-}
   (You found it on level 8 of the Dungeon)

   It protects you from cold.
   It insulates you from electricity.
   It makes you less stealthy.
 O - a +2 cloak of magic resistance (worn)
Jewellery
 n - a cursed ring of positive energy
 u - a ring of see invisible (left claw)
 F - the amulet "Fecloohu" {Spirit rC+ SInv}
   (You took it off an orc on level 8 of the Dungeon)

   [amulet of guardian spirit]

   It causes incoming damage to be split between your health and magic.
   It protects you from cold.
   It lets you see invisible.
 L - a ring of protection from fire (right claw)
 Z - a +5 amulet of reflection (around neck)
Wands
 p - a wand of random effects (17)
 r - a wand of polymorph (37)
 t - a wand of disintegration (10)
 w - a wand of paralysis (5)
 y - a wand of flame (30)
 C - a wand of enslavement (7)
 D - a wand of iceblast (6)
 I - a wand of acid (14)
Scrolls
 j - 9 scrolls of teleportation
 l - a scroll of identify
 m - 10 scrolls of remove curse
 o - 3 scrolls of amnesia
 A - 3 scrolls of fog
 K - 4 scrolls of blinking
 N - 3 scrolls of fear
 W - a scroll of magic mapping
Potions
 b - 2 potions of agility
 d - 2 potions of heal wounds
 e - 2 potions of resistance
 h - 3 potions of magic
 i - 5 potions of curing
 s - 4 potions of mutation
 x - 3 potions of brilliance
 G - 2 potions of cancellation
 H - 5 potions of lignification
 J - a potion of berserk rage
 M - 3 potions of might
 R - a potion of flight
 T - a potion of ambrosia
 U - a potion of invisibility
 Y - a potion of haste {unknown}
Miscellaneous
 z - a lightning rod (4/4)
Comestibles
 f - 56 rations
 P - 3 chunks of flesh


   Skills:
 - Level 12.6(11.3) Fighting
 - Level 1.7(8.7) Axes
 - Level 14.6(13.2) Polearms
 + Level 8.2(7.0) Armour
 + Level 7.6(6.4) Dodging
 + Level 8.3(7.0) Shields
 - Level 13.9(12.5) Invocations
 + Level 8.4(7.2) Evocations


You had 14 spell levels left.
You didn't know any spells.
Your spell library contained the following spells:

 Spells                   Type           Power        Failure   Level  Hunger
 Animate Skeleton         Necr           N/A          100%        1    ##.....
 Confusing Touch          Hex            #.....       100%        1    ##.....
 Corona                   Hex            #......      100%        1    ##.....
 Flame Tongue             Conj/Fire      #....        100%        1    ##.....
 Freeze                   Ice            #...         100%        1    ##.....
 Pain                     Necr           #...         100%        1    ##.....
 Shock                    Conj/Air       #...         100%        1    ##.....
 Passwall                 Tmut/Erth      #.......     100%        2    ###....
 Poisonous Vapours        Pois/Air       #.....       100%        2    ###....
 Slow                     Hex            #.......     100%        2    ###....
 Swiftness                Chrm/Air       #.......     100%        2    ###....
 Throw Frost              Conj/Ice       #.....       100%        2    ###....
 Confuse                  Hex            #.......     100%        3    ####...
 Conjure Flame            Conj/Fire      #.......     100%        3    ####...
 Gell's Gravitas          Tloc           #.........   100%        3    ####...
 Inner Flame              Hex/Fire       #.......     100%        3    ####...
 Mephitic Cloud           Conj/Pois/Air  #.......     100%        3    ####...
 Ozocubu's Armour         Chrm/Ice       #.......     100%        3    ####...
 Portal Projectile        Hex/Tloc       #.....       100%        3    ####...
 Regeneration             Chrm/Necr      #.........   100%        3    ####...
 Static Discharge         Conj/Air       #.......     100%        3    ####...
 Vampiric Draining        Necr           #.........   100%        3    ####...
 Airstrike                Air            #.........   100%        4    #####..
 Animate Dead             Necr           N/A          100%        4    #####..
 Cause Fear               Hex            #.........   100%        4    #####..
 Leda's Liquefaction      Hex/Erth       #.........   100%        4    #####..
 Passage of Golubria      Tloc           N/A          100%        4    #####..
 Petrify                  Tmut/Erth      #.......     100%        4    #####..
 Summon Ice Beast         Ice/Summ       #.......     100%        4    #####..
 Throw Icicle             Conj/Ice       #.......     100%        4    #####..
 Lee's Rapid Deconstruct  Erth           #.........   100%        5    ######.
 Lightning Bolt           Conj/Air       #.........   100%        5    ######.
 Metabolic Englaciation   Hex/Ice        #.........   100%        5    ######.
 Yara's Violent Unravell  Hex/Tmut       #.........   100%        5    ######.
 Bolt of Fire             Conj/Fire      #.........   100%        6    #######
 Darkness                 Hex            #.........   100%        6    #######
 Freezing Cloud           Conj/Ice/Air   #.........   100%        6    #######
 Invisibility             Hex            #.......     100%        6    #######
 Dragon Form              Tmut           #.........   100%        7    #######
 Ring of Flames           Chrm/Fire      #.........   100%        7    #######
 Dragon's Call            Summ           #.........   100%        9    #######


Dungeon Overview and Level Annotations

Branches:
Dungeon (15/15)            Temple (0/1) D:4            Lair (6/6) D:9
 Shoals (2/4) Lair:4        Snake (0/4) Lair:2          Orc (2/2) D:11
    Elf (1/3) Orc:2        Vaults (0/5) D:14        Volcano (visited)
  Slime: Lair:5-6    Depths: D:15

Altars:
Cheibriados
Dithmenos
Fedhas
Gozag
Hepliaklqana
Kikubaaqudgha
Makhleb
Nemelex Xobeh
Okawaru
Uskayaw
Vehumet
Wu Jian
Xom
Yredelemnul
The Shining One
Beogh

Shops:
D:6 (   D:8 }([   D:10 ?   Orc:1 *%%}(**   Orc:2 %?*%   Elf:1 *?=?

Annotations:
D:9 exclusions: downstairs and ice statue
D:12 3 runed translucent doors, xight's ghost, journeyman DEFE
D:13 exclusion: downstairs
Lair:3 exclusion: downstairs
Lair:5 exclusion: 2 oklob plants
Lair:6 1 runed translucent door, Nutum's ghost, journeyman OpTm
Shoals:1 1 runed translucent door, exclusion: oklob plant, Lianjan's ghost, adept MiGl
Orc:1 3 runed translucent doors, Kisosi's ghost, journeyman DDFi
Orc:2 3 runed translucent doors, Esekla's ghost, adept DEWz


Innate Abilities, Weirdness & Mutations

You have claws for hands.
You are surrounded by a moderate repulsion field. (EV +3)
You regenerate health from kills.
You sometimes gain a little power by taking damage.
Your life essence is reduced to manifest your ancestor. (-10% HP)


Message History

The deep elf knight seems less brilliant.
The deep elf mage is empowered by something's aura!
The deep elf archer is empowered by something's aura!
The deep elf mage enters a dispersal trap!
The +2 short sword of venom blinks! x2; You blink.
You feel sick.
The deep elf mage casts a spell.
The deep elf archer blinks!
You feel sick.
The deep elf mage is empowered by something's aura!
The deep elf mage gestures at you while chanting.
The bolt of negative energy hits you!!!
You feel drained.
* * * LOW HITPOINT WARNING * * *
You focus on the pain.
You feel your power returning.
The deep elf mage mumbles some strange words.
* * * LOW HITPOINT WARNING * * *
You feel sick.
The deep elf knight points at you and mumbles some strange words.
The stone arrow hits you!!
You die...

.........#.##)# ..# #.#
..........##..## ..# #.#
#.##..##.......## #.# #.##
##...............##.# #.#.
#.......#........#.# #..#
#...#....#.######.##########.##
........................##<)#
..#..#(######.###.##..[.)#.# .#
#...#§####@## ##.#....##.## ..
#..###(#.e..#####.##.###...
...####..####eE.s..#..R#..####...
...........(.s...###.###.........
...##...)...e..E##.....##........
.. #.....e§s##.##...#...###.##...
..#.#......#####.........###.#...
##.##.§e.o.# ##.....∩.....###..##
#.#.#......# #....#...#....#.#...


You could see a demonic crawler, a deep elf knight, 2 earth elementals, 3 deep
elf magi, an orc sorcerer, a tarantella, a redback and a +2 glaive of
protection.

Vanquished Creatures
  An ironheart preserver (D:14)
  A merfolk impaler (Shoals:1)
  3 hydras
  3 centaur warriors
  An anaconda (Lair:6)
  2 two-headed ogres
  6 orc high priests (Orc:2)
  A dancing weapon (Elf:1)
  A deep elf knight (Elf:1)
  A sea snake (Shoals:1)
  2 unseen horrors (D:10)
  A lindwurm (Lair:5)
  5 deep elf magi (Elf:1)
  A wolf spider (Lair:6)
  2 ugly things
  4 manticores
  3 fauns (Shoals:1)
  7 elephants
  4 cyclopes
  An orc sorcerer (Orc:2)
  2 merfolk sirens (Shoals:1)
  4 black mambas (Lair:6)
  2 torpor snails (Lair:2)
  A gargoyle (D:12)
  A water nymph (Shoals:1)
  10 spiny frogs
  2 centaur skeletons
  2 rime drakes
  5 komodo dragons
  An efreet (Lair:6)
  2 meliai (D:14)
  5 trolls
  10 polar bears
  A meliai (shapeshifter) (D:14)
  3 hornets
  2 raiju (Lair:6)
  3 slime creatures (D:14)
  18 blink frogs
  A dream sheep (Shoals:2)
  3 snapping turtles (Shoals:1)
  4 hippogriffs
  2 shadows
  3 hogs (D:9)
  A human (shapeshifter) (D:14)
  A wraith (D:14)
  5 wyverns
  4 water elementals
  A fire elemental (Lair:6)
  A human (D:9)
  36 yaks
  3 basilisks
  6 fire bats (Volcano)
  A hungry ghost (D:12)
  A vampire mosquito (D:13)
  7 wargs
  An acid dragon (D:14)
  6 nagas (Lair:2)
  13 hell hounds (Lair:6)
  17 water moccasins
  2 porcupines
  10 orc warriors
  An eye of draining (D:11)
  2 sky beasts
  3 ice beasts
  3 phantoms
  13 black bears
  A slave (D:8)
  A necrophage (D:10)
  7 ogres
  22 wolves
  10 centaurs
  10 crocodiles
  15 bullfrogs
  An earth elemental (Elf:1)
  A water moccasin skeleton (D:11)
  7 scorpions
  6 killer bees
  10 wights
  3 lava snakes (Volcano)
  3 centaur zombies
  3 crimson imps
  A quasit (D:6)
  22 orc priests
  2 bullfrog skeletons
  4 hounds
  2 jellies
  7 orc wizards
  An iguana (D:9)
  3 worker ants
  A killer bee zombie (D:10)
  A hound skeleton (D:8)
  A worker ant zombie (D:7)
  A mummy (D:10)
  3 gnolls (D:8)
  A river rat (D:12)
  10 adders
  A shadow imp (D:11)
  3 worms
  2 dart slugs
  4 leopard geckos
  61 orcs
  4 bats
  3 giant cockroaches
  5 goblins
  8 hobgoblins
  2 jackals (D:9)
  5 quokkas
  A ball python (D:5)
  3 frilled lizards
  A giant cockroach zombie (D:5)
  A jackal skeleton (D:7)
  2 kobolds (D:2)
  A quokka zombie (D:8)
  6 rats
  A fungus (Lair:6)
549 creatures vanquished.

Vanquished Creatures (collateral kills)
  7 hydras
  A centaur warrior (D:14)
  An orc high priest (Orc:2)
  Sonja (D:10)
  2 sea snakes (Shoals:1)
  Pikel (D:8)
  An ugly thing (D:14)
  A cyclops (D:13)
  4 deep elf magi
  2 fauns (Shoals:1)
  A manticore (Shoals:1)
  A merfolk siren (Shoals:1)
  2 elephants
  A water nymph (Shoals:1)
  A black mamba (Lair:6)
  2 spiny frogs
  A gargoyle (D:13)
  4 komodo dragons
  A meliai (D:14)
  A troll (Orc:2)
  A wind drake (Shoals:1)
  A slime creature (D:14)
  2 hornets
  2 hippogriffs
  A snapping turtle (Shoals:1)
  4 blink frogs
  A shadow (D:12)
  A water elemental (Shoals:1)
  8 yaks
  2 basilisks
  A hungry ghost (D:10)
  A wyvern (Lair:6)
  2 steam dragons
  3 wargs
  A vampire mosquito (D:13)
  10 water moccasins
  A porcupine (Lair:4)
  2 ice beasts
  4 orc warriors
  A phantom (D:10)
  A sky beast (D:9)
  A black bear (Lair:6)
  An eye of draining (D:10)
  A necrophage (D:10)
  7 ogres
  8 wolves
  3 centaurs
  4 crocodiles
  3 bullfrogs
  A gnoll sergeant (D:8)
  An earth elemental (Volcano)
  2 scorpions (D:8)
  3 killer bees
  A crimson imp (D:11)
  A lava snake (Volcano)
  2 centaur zombies
  A hound (D:9)
  A jelly (D:12)
  2 centaur skeletons
  8 orc priests (Orc:2)
  A bullfrog skeleton (D:12)
  4 orc wizards
  3 worker ants
  Ijyb (D:3)
  A hound skeleton (D:9)
  5 adders
  A river rat (D:12)
  A worm (D:3)
  A leopard gecko (D:9)
  20 orcs
  2 giant cockroaches
  A goblin (D:3)
  2 hobgoblins
  A jackal (D:10)
  2 quokkas
  4 frilled lizards
  A leopard gecko zombie (D:6)
  2 plants (Lair:6)
190 creatures vanquished.

Vanquished Creatures (others)
  An orc high priest (Orc:2)
  A deep elf mage (D:14)
  An eye of draining (D:8)
  An ogre (D:12)
  2 crimson imps (D:8)
  A lava snake (Volcano)
  A hound (D:8)
  2 orc wizards
  34 hexers
  An adder skeleton (D:8)
  An orc (D:11)
  2 ancestors (D:2)
  20 fungi
  45 plants
113 creatures vanquished.

Grand Total: 852 creatures vanquished

Notes
Turn   | Place    | Note
-------+----------+-------------------------------------------
     0 | D:1      | CPA the Demonspawn Fighter began the quest for the Orb.
     0 | D:1      | Reached XP level 1. HP: 18/18 MP: 1/1
   371 | D:1      | Gained mutation: You have sharp fingernails. [demonic
                  | ancestry]
   371 | D:1      | Reached XP level 2. HP: 23/24 MP: 2/2
   873 | D:2      | Gained mutation: You sometimes gain a little power by
                  | taking damage. [demonic ancestry]
   873 | D:2      | Reached XP level 3. HP: 25/30 MP: 3/3
   902 | D:2      | Found a hazy altar of Hepliaklqana.
  1083 | D:2      | Became a worshipper of Hepliaklqana the Forgotten
  1381 | D:2      | Found a sparkling altar of Nemelex Xobeh.
  1608 | D:2      | Gained mutation: You have very sharp fingernails. [demonic
                  | ancestry]
  1608 | D:2      | Reached XP level 4. HP: 32/34 MP: 4/4
  1695 | D:2      | Reached skill level 5 in Fighting
  2413 | D:3      | Found a faded altar of an unknown god.
  2413 | D:3      | Reached * piety under Hepliaklqana
  2497 | D:3      | Noticed Ijyb
  2507 | D:3      | Reached skill level 1 in Polearms
  2523 | D:3      | Killed Ijyb
  2523 | D:3      | Reached XP level 5. HP: 39/39 MP: 5/5
  2712 | D:4      | Found a staircase to the Ecumenical Temple.
  3004 | D:4      | Reached skill level 2 in Polearms
  3270 | D:4      | Found a snail-covered altar of Cheibriados.
  3350 | D:4      | Reached skill level 3 in Polearms
  3350 | D:4      | Reached XP level 6. HP: 46/46 MP: 6/6
  3674 | D:4      | Reached ** piety under Hepliaklqana
  3808 | D:4      | Found an iron altar of Okawaru.
  3897 | D:4      | Remembered your ancestor Henutemipet as a hexer
  3905 | D:5      | Entered Level 5 of the Dungeon
  3929 | D:5      | Found a basalt altar of Yredelemnul.
  3988 | D:5      | Noticed a sky beast
  3999 | D:5      | Killed a sky beast
  3999 | D:5      | Reached skill level 4 in Polearms
  4008 | D:5      | Reached XP level 7. HP: 25/53 MP: 7/7
  4230 | D:5      | Found a burning altar of Makhleb.
  4669 | D:6      | Reached skill level 5 in Polearms
  4669 | D:6      | Reached skill level 1 in Invocations
  4902 | D:6      | Reached XP level 8. HP: 55/58 MP: 8/10
  4924 | D:6      | Reached skill level 6 in Polearms
  5095 | D:6      | Found a shadowy altar of Dithmenos.
  5179 | D:6      | Reached *** piety under Hepliaklqana
  5907 | D:6      | Found Lipnymiap's Weapon Shoppe.
  6261 | D:7      | Reached skill level 7 in Polearms
  6607 | D:7      | Reached skill level 5 in Invocations
  6957 | D:8      | Noticed Pikel
  6983 | D:8      | Killed Pikel
  6983 | D:8      | Gained mutation: You regenerate a little health from kills.
                  | [demonic ancestry]
  6983 | D:8      | Reached XP level 9. HP: 66/66 MP: 11/13
  7187 | D:8      | Found a glowing golden altar of the Shining One.
  7308 | D:8      | Found Edafi's Gadget Shoppe.
  7308 | D:8      | Found Kejotil's Antique Weapon Shoppe.
  7328 | D:8      | Reached skill level 8 in Polearms
  7333 | D:8      | Found Yblulon's Antique Armour Emporium.
  7463 | D:8      | Got a smoking chain mail
  7474 | D:8      | Identified the +3 chain mail of the Wild Haggis {rElec rC+
                  | Stlth-} (You found it on level 8 of the Dungeon)
  7510 | D:8      | Found a hide-covered altar of Uskayaw.
  7541 | D:8      | Found an ornate altar of the Wu Jian Council.
  7573 | D:8      | Reached **** piety under Hepliaklqana
  7616 | D:8      | Found a blossoming altar of Fedhas.
  7617 | D:8      | Found an ancient bone altar of Kikubaaqudgha.
  8098 | D:9      | Identified the amulet "Fecloohu" {Spirit rC+ SInv}
  8394 | D:9      | Found a radiant altar of Vehumet.
  8513 | D:9      | Found a staircase to the Lair.
  8593 | D:9      | Reached skill level 9 in Polearms
  8711 | D:9      | Gained mutation: You regenerate health from kills. [demonic
                  | ancestry]
  8711 | D:9      | Reached XP level 10. HP: 68/73 MP: 15/15
  8804 | D:9      | Noticed an ice statue
  9008 | D:10     | Entered Level 10 of the Dungeon
  9148 | D:10     | Reached skill level 10 in Polearms
  9393 | D:10     | Noticed an unseen horror
  9534 | D:10     | Killed an unseen horror
  9548 | D:10     | Noticed an unseen horror
  9600 | D:10     | Killed an unseen horror
  9646 | D:10     | Found Oxtora's Magic Scroll Boutique.
  9769 | D:10     | Reached skill level 10 in Fighting
  9790 | D:10     | Reached XP level 11. HP: 80/80 MP: 18/18
  9877 | D:10     | Reached ***** piety under Hepliaklqana
  9890 | D:10     | Noticed Sonja
  9895 | D:10     | Killed Sonja
  9895 | D:10     | Reached skill level 11 in Polearms
 10174 | Lair:1   | Entered Level 1 of the Lair of Beasts
 10232 | Lair:1   | Reached skill level 10 in Invocations
 11784 | Lair:2   | Reached skill level 12 in Polearms
 11859 | Lair:2   | Found a snail-covered altar of Cheibriados.
 12323 | Lair:2   | Found a staircase to the Snake Pit.
 12740 | Lair:3   | You fall into a shaft and drop 3 floors!
 12740 | Lair:6   | Entered Level 6 of the Lair of Beasts
 12740 | Lair:6   | Found a dark tunnel.
 12751 | Lair:6   | Reached XP level 12. HP: 82/89 MP: 16/20
 12756 | Lair:6   | Noticed a five-headed hydra
 12768 | Lair:6   | Killed a five-headed hydra
 12812 | Volcano  | Entered a volcano
 13030 | Volcano  | Found a bloodstained altar of Trog.
 13101 | Lair:6   | Noticed a four-headed hydra
 13109 | Lair:6   | Reached skill level 13 in Polearms
 13125 | Lair:6   | Killed a four-headed hydra
 13229 | Lair:6   | Paralysed by a hornet for 1 turns
 13497 | Lair:6   | Noticed Nutum's ghost (journeyman OpTm)
 13499 | Lair:6   | Found a runed translucent door.
 14107 | Lair:6   | Gained mutation: You have claws for hands. [demonic
                  | ancestry]
 14107 | Lair:6   | Reached XP level 13. HP: 48/97 MP: 9/22
 14245 | Lair:6   | Reached skill level 14 in Polearms
 15036 | Lair:3   | Found a shimmering altar of Xom.
 15084 | Lair:3   | HP: 2/98 [yak (9)]
 16054 | Lair:4   | Reached skill level 1 in Dodging
 16054 | Lair:4   | Reached skill level 1 in Evocations
 16661 | Lair:4   | Reached ****** piety under Hepliaklqana
 17312 | Lair:4   | Found a staircase to the Shoals.
 18796 | Lair:5   | Gained mutation: You are surrounded by a mild repulsion
                  | field. (EV +2) [demonic ancestry]
 18796 | Lair:5   | Reached XP level 14. HP: 76/104 MP: 19/24
 19867 | Lair:6   | Reached skill level 5 in Armour
 19867 | Lair:6   | Reached skill level 5 in Shields
 21590 | D:11     | Found a staircase to the Orcish Mines.
 21744 | D:12     | Reached skill level 5 in Evocations
 22324 | D:12     | Reached skill level 5 in Dodging
 22645 | D:12     | Found a runed translucent gate.
 22646 | D:12     | Noticed xight's ghost (journeyman DEFE)
 22646 | D:12     | Found a runed translucent gate.
 22646 | D:12     | Found a runed translucent gate.
 22648 | D:12     | Found an iron altar of Okawaru.
 24410 | Orc:1    | Entered Level 1 of the Orcish Mines
 24442 | Orc:1    | Found a runed translucent gate.
 24442 | Orc:1    | Found a runed translucent gate.
 24442 | Orc:1    | Found an opulent altar of Gozag.
 24442 | Orc:1    | Found a runed translucent gate.
 24443 | Orc:1    | Found Pofeel's Assorted Antiques.
 24443 | Orc:1    | Found Qoihuf's Assorted Antiques.
 24443 | Orc:1    | Noticed Kisosi's ghost (journeyman DDFi)
 24463 | Orc:1    | Found Jiorum's Weapon Boutique.
 24568 | Orc:1    | Found Kysom's Food Shop.
 24602 | Orc:1    | Found Iguin's Assorted Antiques.
 24634 | Orc:1    | Found Ibymior's Gadget Shop.
 24668 | Orc:1    | Bought a large garnet ring for 155 gold pieces
 24668 | Orc:1    | Bought an embroidered cloak for 232 gold pieces
 24844 | Orc:1    | Found Ziobbaur's Food Emporium.
 25098 | Orc:2    | Entered Level 2 of the Orcish Mines
 25237 | Orc:2    | Gained mutation: You are surrounded by a moderate repulsion
                  | field. (EV +3) [demonic ancestry]
 25237 | Orc:2    | Reached XP level 15. HP: 100/109 MP: 22/25
 25573 | Orc:2    | Found a runed translucent gate.
 25573 | Orc:2    | Found a runed translucent gate.
 25601 | Orc:2    | Found Waeg's Magic Scroll Boutique.
 25601 | Orc:2    | Found Jedorr's Food Shoppe.
 25606 | Orc:2    | Bought a scroll of teleportation for 39 gold pieces
 25606 | Orc:2    | Bought a scroll of teleportation for 39 gold pieces
 25749 | Orc:2    | Found Qith's Food Boutique.
 25749 | Orc:2    | Found Dyhodghe's General Store.
 25791 | Orc:2    | Bought a +0 pair of boots for 58 gold pieces
 25879 | Orc:2    | Found a staircase to the Elven Halls.
 25964 | Orc:2    | Found a runed translucent gate.
 25966 | Orc:2    | Noticed Esekla's ghost (adept DEWz)
 26021 | Orc:2    | Found a roughly hewn altar of Beogh.
 26161 | D:15     | Entered Level 15 of the Dungeon
 26512 | D:14     | Found a gate to the Vaults.
 27030 | Shoals:1 | Entered Level 1 of the Shoals
 27734 | Shoals:1 | Found a runed translucent door.
 27737 | Shoals:1 | Noticed Lianjan's ghost (adept MiGl)
 28712 | Elf:1    | Entered Level 1 of the Elven Halls
 29519 | Elf:1    | Found Lahecior's Jewellery Shoppe.
 29519 | Elf:1    | Found Caakawuq's Magic Scroll Emporium.
 29520 | Elf:1    | Found Jigualoe's Magic Scroll Shoppe.
 29523 | Elf:1    | Found Uruel's General Store.
 29525 | Elf:1    | Bought a scroll of blinking for 127 gold pieces
 29525 | Elf:1    | Bought a scroll of fear for 59 gold pieces
 29530 | Elf:1    | Bought a +5 amulet of reflection for 741 gold pieces
 29808 | Elf:1    | Killed from afar by a deep elf knight

Skill      XL: |  1  2  3  4  5  6  7  8  9 10 11 12 13 14 15 |
---------------+----------------------------------------------+-----
Fighting       | 4 5 6 8 10 11 12 | 12.6
Polearms       | 1 3 4 5 7 9 10 12 13 14 | 14.6
Invocations    | 2 5 7 9 11 13 | 13.9
Armour         | 4 6 8 |  8.2
Dodging        | 3 6 7 |  7.6
Shields        | 4 6 8 |  8.3
Evocations     | 3 6 8 |  8.4
Axes           | |  1.7

Action                   |  1- 3 |  4- 6 |  7- 9 | 10-12 | 13-15 || total
-------------------------+-------+-------+-------+-------+-------++-------
Melee: War axe           |   106 |    32 |       |       |       ||   138
       Trident           |       |   130 |   297 |   908 |  2181 ||  3516
Throw: Dart              |       |       |       |    56 |    38 ||    94
Invok: Ancestor Life: He |       |     1 |       |       |       ||     1
       Recall Ancestor   |       |       |       |     2 |       ||     2
       Idealise          |       |       |       |     1 |     3 ||     4
Evoke: Wand              |       |       |       |     4 |    17 ||    21
  Use: Scroll            |       |       |    10 |    10 |    22 ||    42
       Potion            |       |       |       |     8 |     9 ||    17
 Stab: Distracted        |       |     2 |     5 |     7 |    26 ||    40
       Confused          |       |       |     2 |    10 |    25 ||    37
       Paralysed         |       |       |       |       |    35 ||    35
  Eat: Chunk             |     2 |     8 |     8 |    20 |    43 ||    81
       Ration            |       |       |     2 |       |     3 ||     5
Armor: Scale mail        |    41 |    18 |       |       |       ||    59
       Chain mail        |       |    79 |   156 |   461 |   853 ||  1549
Dodge: Dodged            |    23 |    36 |    55 |   157 |   522 ||   793
Block: Shield            |    49 |    76 |   141 |   377 |   896 ||  1539
       Reflection        |       |       |       |       |     2 ||     2
